 Dungeon Crawl Stone Soup version 0.26-a0-660-gc07710193c (webtiles) character file.

Game seed: 8090750553853236209

68047 MrRokkomies the Protected (level 15, -1/117 HPs)
             Began as a Gnoll Wanderer on Oct 8, 2020.
             Was a High Priest of Makhleb.
             Slain by Donald
             ... wielding a +1 demon trident of flaming
              (41 damage)
             ... on level 2 of the Orcish Mines.
             The game lasted 01:01:47 (26253 turns).

MrRokkomies the Protected (Gnoll Wanderer)         Turns: 26253, Time: 01:01:48

Health: -1/117     AC: 14    Str: 24    XL:     15   Next: 25%
Magic:  28/28      EV: 18    Int: 17    God:    Makhleb [*****.]
Gold:   1203       SH:  0    Dex: 15    Spells: 16/33 levels left

rFire    . . .     SeeInvis .   a - +7 lajatang (speed)
rCold    . . .     Faith    +   (shield currently unavailable)
rNeg     + . .     Spirit   .   T - +1 ring mail {rN+}
rPois    .         Reflect  .   D - +1 hat
rElec    .         Harm     .   s - +1 cloak
rCorr    .         Rampage  .   z - +0 pair of gloves
MR       +....                  (no boots)
Stlth    ++++......             o - amulet of faith
HPRegen  0.29/turn              l - +6 ring of strength
MPRegen  0.21/turn              U - +4 ring of slaying

@: no status effects
A: distributed training, fangs 1, strong nose
a: Minor Destruction, Lesser Servant of Makhleb, Major Destruction, Greater
Servant of Makhleb, Renounce Religion


You were on level 2 of the Orcish Mines.
You worshipped Makhleb.
Makhleb was extremely pleased with you.
You visited 3 branches of the dungeon, and saw 18 of its levels.
You also visited: Sewer.

You collected 1458 gold pieces.
You spent 255 gold pieces at shops.

Inventory:

Hand Weapons
 a - a +7 lajatang of speed (weapon)
 b - a +3 shortbow
 x - a +1 dagger of venom
 B - the +6 quarterstaff of Iwaciegi {protect, +Inv rN+ Int-5 Stlth+}
   (You bought it in a shop on level 5 of the Dungeon)

   It grants its wielder temporary protection when it strikes (+7 to AC).
   It affects your intelligence (-5).
   It protects you from negative energy.
   It lets you turn invisible.
   It makes you more stealthy.
Missiles
 d - 63 poisoned darts (quivered)
 g - 214 arrows
 v - 17 curare-tipped darts
 H - a throwing net
 N - 2 atropa-tipped darts
 R - 7 javelins
Armour
 j - a +0 scale mail
 s - a +1 cloak (worn)
 z - a +0 pair of gloves (worn)
 D - a +1 hat (worn)
 T - a +1 ring mail of positive energy (worn)
Jewellery
 c - an uncursed ring of see invisible
 l - a +6 ring of strength (left hand)
 o - an amulet of faith (around neck)
 y - an uncursed ring of stealth
 O - an uncursed ring of protection from fire
 U - a +4 ring of slaying (right hand)
 V - an uncursed ring of ice
Wands
 q - a wand of flame (54)
 r - a wand of acid (5)
 L - a wand of iceblast (21)
 S - a wand of polymorph (2)
Scrolls
 i - 7 scrolls of fog
 t - a scroll of enchant armour
 u - 6 scrolls of magic mapping
 w - 3 scrolls of fear
 G - 3 scrolls of identify
 K - 2 scrolls of amnesia
 M - 8 scrolls of teleportation
 Q - 2 scrolls of remove curse
Potions
 e - 2 potions of magic
 f - a potion of resistance
 h - 3 potions of might
 k - 6 potions of brilliance
 m - 3 potions of degeneration
 p - 3 potions of mutation
 A - a potion of invisibility
 C - 2 potions of stabbing
 E - 4 potions of flight
 F - a potion of cancellation
 I - 6 potions of curing
 J - 3 potions of haste
 P - 7 potions of ambrosia
Miscellaneous
 n - a phantom mirror (inert)


   Skills:
 + Level 10.8 Fighting
 + Level 9.9 Short Blades
 + Level 9.9 Long Blades
 + Level 10.2 Axes
 + Level 9.9 Maces & Flails
 + Level 9.9 Polearms
 + Level 9.9 Staves
 + Level 9.9 Slings
 + Level 10.2 Bows
 + Level 9.9 Crossbows
 + Level 10.2 Throwing
 + Level 12.6 Armour
 + Level 9.9 Dodging
 + Level 9.9 Stealth
 + Level 9.9 Shields
 + Level 9.9 Unarmed Combat
 + Level 9.9 Spellcasting
 + Level 8.3 Conjurations
 + Level 8.3 Hexes
 + Level 8.3 Summonings
 + Level 8.3 Necromancy
 + Level 8.3 Translocations
 + Level 8.3 Transmutations
 + Level 8.3 Fire Magic
 + Level 8.3 Ice Magic
 + Level 8.3 Air Magic
 + Level 8.3 Earth Magic
 + Level 8.3 Poison Magic
 + Level 10.7 Invocations
 + Level 10.2 Evocations


You had 16 spell levels left.
You knew the following spells:

 Your Spells              Type           Power        Failure   Level
a - Passwall              Tmut/Erth      #####...     1%          2
b - Lee's Rapid Deconstr  Erth           #####.....   11%         5
c - Blink                 Tloc           N/A          1%          2
d - Gell's Gravitas       Tloc           #####.....   1%          3
e - Summon Forest         Summ/Tloc      #####.....   11%         5

Your spell library contained the following spells:

 Spells                   Type           Power        Failure   Level
 Animate Skeleton         Necr           #####.       1%          1
 Apportation              Tloc           #####.       1%          1
 Corona                   Hex            #####..      1%          1
 Sandblast                Erth           #####.       1%          1
 Summon Small Mammal      Summ           ####         1%          1
 Sublimation of Blood     Necr           #####.....   1%          2
 Ignite Poison            Fire/Tmut/Pois #####...     1%          3
 Stone Arrow              Conj/Erth      #####.       1%          3
 Teleport Other           Tloc           #####...     1%          3
 Passage of Golubria      Tloc           N/A          3%          4
 Petrify                  Tmut/Erth      #####...     3%          4
 Alistair's Intoxication  Tmut/Pois      #####....    11%         5
 Irradiate                Conj/Tmut      #####.....   11%         5
 Eringya's Noxious Bog    Tmut/Pois      #####.....   50%         6


Dungeon Overview and Level Annotations

Branches:
Dungeon (10/15)            Temple (0/1) D:7            Lair (6/6) D:10
  Swamp (0/4) Lair:4       Spider (0/4) Lair:3        Slime (0/5) Lair:5
    Orc (2/2) D:9           Sewer (visited)
    Elf: Orc:2

Altars:
Dithmenos
Gozag
Hepliaklqana
Makhleb
Vehumet
Yredelemnul
Zin
Beogh

Shops:
D:5 (   D:8 *

Annotations:
D:5 Prince Ribbit
D:9 2 transporters, Nr616's ghost, novice MfFi
Orc:2 Donald


Innate Abilities, Weirdness & Mutations

Your experience applies equally to all skills.
You have very sharp teeth.
Your uncanny sense of smell can sniff out nearby items.


Message History

You see here an orc skeleton.
Donald misses your neqoxec. Donald blocks your neqoxec's attack.
The ogre hits you but does no damage.
You slash the ogre! You bite the ogre!
The ogre is severely wounded.
Donald says, "I hate blood."
Donald barely misses your neqoxec. Donald blocks your neqoxec's attack.
The deep troll bites your neqoxec!! The deep troll claws your neqoxec!
Your neqoxec dies!
Your crimson imp disappears in a puff of smoke!
Your quasit disappears in a puff of smoke!
Donald shouts!
You slice the ogre!!
You kill the ogre!
Makhleb accepts your kill.
Donald says, "The air in here stinks.
I hate that."
An orc comes into view. It is wielding a +0 short sword.
Unknown command.
Donald hits you with a +1 demon trident of flaming!!!
You die...

...$.#...#......
........#......(
o..o....#.......
#.............#
....o......(.#
#..........#
####......(# #
##.....)....#.#
#.......÷@....##..
##.......).@.......
##.........T........
#...................
....$..[###.........
.......[..###§......
##..........#.......
#.........#.........
###........ ......#.


You could see Donald (fast, strong), a deep troll, an orc priest and an orc.

Vanquished Creatures
  Jorgrun (Orc:1)
  Gastronok (Lair:1)
  A sphinx (Orc:1)
  2 entropy weavers (Lair:6)
  3 dire elephants (Lair:6)
  Fannar (Orc:1)
  9 hydras
  An anaconda (Lair:6)
  4 two-headed ogres
  A queen ant (Lair:6)
  3 death yaks (Lair:6)
  Sonja (D:10)
  A lindwurm (Lair:5)
  An orc sorcerer (Orc:1)
  An oklob plant (Lair:5)
  12 elephants
  7 black mambas
  19 cane toads
  13 komodo dragons
  3 rime drakes
  A yaktaur (D:9)
  3 meliai (Lair:4)
  3 trolls
  A hornet (D:10)
  13 blink frogs
  8 spriggans (Lair:2)
  5 wyverns
  Eustachio (D:5)
  36 yaks
  6 basilisks
  2 steam dragons
  2 wargs
  21 soldier ants
  5 swamp worms (Lair:4)
  Edmund (D:5)
  11 water moccasins
  12 orc warriors
  A black bear (Lair:2)
  A necrophage (D:10)
  3 ice beasts
  11 ogres
  A sky beast (D:5)
  2 phantoms
  11 wolves
  3 centaurs
  4 big kobolds
  17 bullfrogs
  2 scorpions
  A water moccasin skeleton (D:7)
  46 killer bees
  2 electric eels
  5 howler monkeys
  A quasit (D:7)
  3 hounds
  12 jellies
  9 orc priests
  12 orc wizards
  A bullfrog skeleton (D:10)
  A centaur skeleton (D:9)
  3 iguanas
  24 worker ants
  A hell rat (Lair:4)
  A killer bee zombie (D:6)
  A hound skeleton (D:4)
  2 worker ant zombies (D:9)
  A howler monkey zombie (D:10)
  4 gnolls (D:7)
  11 adders
  4 river rats
  2 shadow imps
  3 white imps
  An ufetubus (D:5)
  10 oozes
  An adder skeleton (D:5)
  4 worms
  2 dart slugs
  5 leopard geckos
  52 orcs
  5 ball pythons
  5 giant cockroaches
  7 hobgoblins
  5 jackals
  6 quokkas
  A ball python skeleton (D:5)
  6 bats
  7 frilled lizards
  11 goblins
  24 kobolds
  A leopard gecko skeleton (D:4)
  19 rats
594 creatures vanquished.

Vanquished Creatures (collateral kills)
  A hydra (Lair:4)
  3 death yaks (Lair:6)
  A cane toad (Lair:2)
  4 yaks
  A basilisk (Lair:2)
  4 soldier ants (Lair:6)
  A killer bee (Lair:4)
15 creatures vanquished.

Vanquished Creatures (others)
  51 fungi
  67 plants
118 creatures vanquished.

Grand Total: 727 creatures vanquished

Notes
Turn   | Place    | Note
-------+----------+-------------------------------------------
     0 | D:1      | MrRokkomies the Gnoll Wanderer began the quest for the Orb.
     0 | D:1      | MrRokkomies set off with the following items: a +2
                  | shortbow, 24 arrows, a +0 mace, 10 poisoned darts, a +0
                  | dagger, a +0 robe
     0 | D:1      | Reached XP level 1. HP: 20/20 MP: 1/1
   308 | D:1      | Reached XP level 2. HP: 26/26 MP: 2/2
   773 | D:1      | Reached XP level 3. HP: 31/31 MP: 3/3
  1012 | D:2      | Reached skill level 1 in Invocations
  1100 | D:2      | Found a radiant altar of Vehumet.
  1114 | D:2      | Reached skill level 1 in Short Blades
  1114 | D:2      | Reached skill level 1 in Long Blades
  1114 | D:2      | Reached skill level 1 in Maces & Flails
  1114 | D:2      | Reached skill level 1 in Polearms
  1114 | D:2      | Reached skill level 1 in Staves
  1114 | D:2      | Reached skill level 1 in Slings
  1114 | D:2      | Reached skill level 1 in Crossbows
  1114 | D:2      | Reached skill level 1 in Dodging
  1114 | D:2      | Reached skill level 1 in Stealth
  1114 | D:2      | Reached skill level 1 in Shields
  1114 | D:2      | Reached skill level 1 in Unarmed Combat
  1114 | D:2      | Reached skill level 1 in Spellcasting
  1188 | D:2      | Reached XP level 4. HP: 38/38 MP: 5/5
  1287 | D:2      | Found a burning altar of Makhleb.
  1298 | D:2      | Found a basalt altar of Yredelemnul.
  1310 | D:2      | Became a worshipper of Makhleb the Destroyer
  1595 | D:3      | Reached skill level 1 in Conjurations
  1595 | D:3      | Reached skill level 1 in Hexes
  1595 | D:3      | Reached skill level 1 in Summonings
  1595 | D:3      | Reached skill level 1 in Necromancy
  1595 | D:3      | Reached skill level 1 in Translocations
  1595 | D:3      | Reached skill level 1 in Transmutations
  1595 | D:3      | Reached skill level 1 in Fire Magic
  1595 | D:3      | Reached skill level 1 in Ice Magic
  1595 | D:3      | Reached skill level 1 in Air Magic
  1595 | D:3      | Reached skill level 1 in Earth Magic
  1595 | D:3      | Reached skill level 1 in Poison Magic
  1778 | D:3      | Reached XP level 5. HP: 43/43 MP: 6/6
  2006 | D:3      | Found a glowing drain.
  2038 | D:3      | Reached * piety under Makhleb
  2061 | Sewer    | Entered a sewer
  2188 | Sewer    | Noticed a big kobold
  2193 | Sewer    | Killed a big kobold
  2196 | Sewer    | Reached XP level 6. HP: 50/50 MP: 8/8
  2279 | Sewer    | Reached skill level 5 in Fighting
  2640 | Sewer    | Reached ** piety under Makhleb
  3229 | D:4      | Reached XP level 7. HP: 56/56 MP: 10/10
  3782 | D:5      | Entered Level 5 of the Dungeon
  4049 | D:5      | Reached *** piety under Makhleb
  4095 | D:5      | Found a glowing silver altar of Zin.
  4234 | D:5      | Found Qosun's Antique Weapon Shop.
  4241 | D:5      | Bought an iridescent quarterstaff for 216 gold pieces
  4241 | D:5      | Identified the +6 quarterstaff of Iwaciegi {protect, +Inv
                  | rN+ Int-5 Stlth+} (You bought it in a shop on level 5 of
                  | the Dungeon)
  4275 | D:5      | Noticed Eustachio
  4628 | D:5      | Noticed Prince Ribbit
  4739 | D:5      | Killed Eustachio
  4739 | D:5      | Reached skill level 9 in Armour
  4815 | D:5      | Reached XP level 8. HP: 63/63 MP: 12/12
  4893 | D:5      | Noticed Edmund
  4972 | D:5      | Killed Edmund
  6400 | D:6      | Reached XP level 9. HP: 69/69 MP: 14/14
  7078 | D:7      | Found a staircase to the Ecumenical Temple.
  7084 | D:7      | Reached skill level 5 in Axes
  7084 | D:7      | Reached skill level 5 in Bows
  7084 | D:7      | Reached skill level 5 in Throwing
  7084 | D:7      | Reached skill level 5 in Evocations
  7286 | D:7      | Reached **** piety under Makhleb
  7978 | D:7      | Reached skill level 5 in Invocations
  8408 | D:7      | Reached XP level 10. HP: 77/77 MP: 17/17
  8501 | D:8      | Noticed a two-headed ogre
  8523 | D:8      | Killed a two-headed ogre
  8523 | D:8      | Reached skill level 5 in Short Blades
  8523 | D:8      | Reached skill level 5 in Long Blades
  8523 | D:8      | Reached skill level 5 in Maces & Flails
  8523 | D:8      | Reached skill level 5 in Polearms
  8523 | D:8      | Reached skill level 5 in Staves
  8523 | D:8      | Reached skill level 5 in Slings
  8523 | D:8      | Reached skill level 5 in Crossbows
  8523 | D:8      | Reached skill level 5 in Dodging
  8523 | D:8      | Reached skill level 5 in Stealth
  8523 | D:8      | Reached skill level 5 in Shields
  8523 | D:8      | Reached skill level 5 in Unarmed Combat
  8523 | D:8      | Reached skill level 5 in Spellcasting
  8672 | D:8      | Reached skill level 10 in Armour
  8819 | D:8      | Found a shadowy altar of Dithmenos.
  8828 | D:8      | Learned a level 2 spell: Passwall
  8834 | D:8      | Learned a level 5 spell: Lee's Rapid Deconstruction
  8942 | D:8      | Found Ifoos's General Store.
  8950 | D:8      | Bought a potion of curing for 39 gold pieces
  9151 | D:8      | Found an opulent altar of Gozag.
  9257 | D:8      | Found a hazy altar of Hepliaklqana.
  9439 | D:9      | Reached ***** piety under Makhleb
  9851 | D:9      | Found a staircase to the Orcish Mines.
 10017 | D:9      | Noticed an ice dragon
 10018 | D:9      | Found a transporter.
 10019 | D:9      | Noticed a five-headed hydra
 10033 | D:9      | Noticed Nr616's ghost (novice MfFi)
 10043 | D:9      | Noticed a moth of wrath
 10276 | D:9      | Found a transporter.
 10404 | D:9      | Identified a scroll of acquirement
 10404 | D:9      | Acquired the Volume of Translocation
 10409 | D:9      | Learned a level 2 spell: Blink
 10413 | D:9      | Learned a level 3 spell: Gell's Gravitas
 10429 | D:10     | Entered Level 10 of the Dungeon
 10432 | D:10     | Noticed Sonja
 10435 | D:10     | Killed Sonja
 10435 | D:10     | Reached XP level 11. HP: 77/84 MP: 19/19
 10578 | D:10     | Found a staircase to the Lair.
 10741 | D:10     | Noticed a two-headed ogre
 10754 | D:10     | Killed a two-headed ogre
 11097 | D:10     | Acquired a +1 lajatang of speed
 11145 | D:9      | Reached skill level 5 in Conjurations
 11145 | D:9      | Reached skill level 5 in Hexes
 11145 | D:9      | Reached skill level 5 in Summonings
 11145 | D:9      | Reached skill level 5 in Necromancy
 11145 | D:9      | Reached skill level 5 in Translocations
 11145 | D:9      | Reached skill level 5 in Transmutations
 11145 | D:9      | Reached skill level 5 in Fire Magic
 11145 | D:9      | Reached skill level 5 in Ice Magic
 11145 | D:9      | Reached skill level 5 in Air Magic
 11145 | D:9      | Reached skill level 5 in Earth Magic
 11145 | D:9      | Reached skill level 5 in Poison Magic
 12317 | Lair:1   | Entered Level 1 of the Lair of Beasts
 12408 | Lair:1   | Noticed Gastronok
 12430 | Lair:1   | Killed Gastronok
 13974 | Lair:1   | Reached XP level 12. HP: 93/93 MP: 22/22
 15322 | Lair:2   | Reached skill level 11 in Armour
 15796 | Lair:2   | Noticed a six-headed hydra
 15801 | Lair:2   | Killed a nine-headed hydra
 16061 | Lair:2   | Noticed an eight-headed hydra
 16104 | Lair:2   | Killed an eight-headed hydra
 16574 | Lair:3   | Found a hole to the Spider Nest.
 16839 | Lair:3   | Reached XP level 13. HP: 101/101 MP: 24/24
 17755 | Lair:4   | Reached ****** piety under Makhleb
 19823 | Lair:4   | Found a staircase to the Swamp.
 20208 | Lair:5   | Reached XP level 14. HP: 97/109 MP: 20/26
 20292 | Lair:5   | Found a staircase to the Slime Pits.
 20313 | Lair:5   | Reached skill level 10 in Fighting
 20313 | Lair:5   | Reached skill level 12 in Armour
 21372 | Lair:6   | Entered Level 6 of the Lair of Beasts
 21651 | Lair:6   | Reached skill level 10 in Invocations
 22027 | Lair:6   | Noticed an entropy weaver
 22042 | Lair:6   | Noticed an entropy weaver
 22043 | Lair:6   | Killed an entropy weaver
 22053 | Lair:6   | Killed an entropy weaver
 23834 | Lair:6   | Noticed a dire elephant
 23834 | Lair:6   | Noticed a dire elephant
 23853 | Lair:6   | Killed a dire elephant
 23853 | Lair:6   | Reached skill level 10 in Axes
 23853 | Lair:6   | Reached skill level 10 in Bows
 23853 | Lair:6   | Reached skill level 10 in Throwing
 23853 | Lair:6   | Reached skill level 10 in Evocations
 23860 | Lair:6   | Killed a dire elephant
 24128 | Lair:6   | Noticed a dire elephant
 24139 | Lair:6   | Killed a dire elephant
 24723 | Orc:1    | Entered Level 1 of the Orcish Mines
 24723 | Orc:1    | Noticed Jorgrun
 24737 | Orc:1    | Killed Jorgrun
 24737 | Orc:1    | Reached XP level 15. HP: 103/117 MP: 28/28
 24805 | Orc:1    | Found a roughly hewn altar of Beogh.
 24886 | Orc:1    | Noticed Fannar
 25145 | Orc:1    | Learned a level 5 spell: Summon Forest
 25198 | Orc:1    | Killed Fannar
 25372 | Orc:2    | Entered Level 2 of the Orcish Mines
 25467 | Orc:2    | Noticed an orc warlord
 25657 | Orc:1    | Noticed a sphinx
 25657 | Orc:1    | an orc warlord changed into a sphinx
 25665 | Orc:1    | Killed a sphinx
 26146 | Orc:2    | Noticed Donald
 26253 | Orc:2    | Slain by Donald

Illustrated notes

Levels and vault maps discovered:
D:1:      onia_arrival_handbag, layout_basic, minmay_misc_feat_room,
          minmay_cupped
D:2:      layout_rooms, lemuel_round_altar, amethyst_overflow_temple_binary
D:3:      layout_loops_ring, cheibrodos_sewer_entry_drain
D:4:      layout_basic
D:5:      corexii_shack_village, layout_basic, zin_academy, serial_shops, shop,
          uniq_edmund, uniq_eustachio, uniq_prince_ribbit1
D:6:      layout_rooms
D:7:      layout_cave_pods, minmay_temple_entry_trees, serial_park_tiny_2
D:8:      layout_cave_pools, grunt_dithmenos_smoke_and_mirrors, kennysheep_mini,
          lemuel_round_altar, serial_shops, shop
D:9:      layout_stronghold, orc_0_dummy, gammafunk_ghost_berserking_beasts,
          roderic_serpentine_path
D:10:     layout_cave_pools, lair_entry_dummy, hex_large, uniq_sonja
Lair:1:   wad_woods_structure_01, layout_long_grid, uniq_gastronok
Lair:2:   kb_forest_paths, layout_loops_ring, grunt_forest_small_clearings,
          beast_lair_carwin_8, serial_bayou_shore_b
Lair:3:   layout_gridlike, dummy_spider_entry, grunt_megastairs_5,
          lemuel_fruit_fields
Lair:4:   regret_index_bee_streams, layout_regular_city,
          palyth_hydra_swamp_entry, chequers_serial_rivers_micro_d,
          chequers_serial_rivers_micro_b, pond
Lair:5:   layout_cave_pods, minmay_slime_entry_jelly_boxes
Lair:6:   due_jungle_book, layout_small_grid, minivault_29
Orc:1:    layout_caves, basic_altar, uniq_jorgrun, uniq_fannar
Orc:2:    st_orc_open, layout_diamond_mine, uniq_donald

Skill      XL: |  1  2  3  4  5  6  7  8  9 10 11 12 13 14 |
---------------+-------------------------------------------+-----
Invocations    | 1 2 3 4 5 6 7 8 9 10 | 10.7
Short Blades   | 1 2 3 4 5 6 7 8 9 |  9.9
Long Blades    | 1 2 3 4 5 6 7 8 9 |  9.9
Maces & Flails | 1 2 3 4 5 6 7 8 9 |  9.9
Polearms       | 1 2 3 4 5 6 7 8 9 |  9.9
Staves         | 1 2 3 4 5 6 7 8 9 |  9.9
Slings         | 1 2 3 4 5 6 7 8 9 |  9.9
Crossbows      | 1 2 3 4 5 6 7 8 9 |  9.9
Dodging        | 1 2 3 4 5 6 7 8 9 |  9.9
Stealth        | 1 2 3 4 5 6 7 8 9 |  9.9
Shields        | 1 2 3 4 5 6 7 8 9 |  9.9
Unarmed Combat | 1 2 3 4 5 6 7 8 9 |  9.9
Spellcasting   | 1 2 3 4 5 6 7 8 9 |  9.9
Conjurations   | 1 2 3 4 5 6 7 8 |  8.3
Hexes          | 1 2 3 4 5 6 7 8 |  8.3
Summonings     | 1 2 3 4 5 6 7 8 |  8.3
Necromancy     | 1 2 3 4 5 6 7 8 |  8.3
Translocations | 1 2 3 4 5 6 7 8 |  8.3
Transmutations | 1 2 3 4 5 6 7 8 |  8.3
Fire Magic     | 1 2 3 4 5 6 7 8 |  8.3
Ice Magic      | 1 2 3 4 5 6 7 8 |  8.3
Air Magic      | 1 2 3 4 5 6 7 8 |  8.3
Earth Magic    | 1 2 3 4 5 6 7 8 |  8.3
Poison Magic   | 1 2 3 4 5 6 7 8 |  8.3
Axes           | 3 4 5 6 7 8 9 10 | 10.2
Bows           | 3 4 5 6 7 8 9 10 | 10.2
Throwing       | 3 4 5 6 7 8 9 10 | 10.2
Evocations     | 3 4 5 6 7 8 9 10 | 10.2
Fighting       | 5 6 7 8 9 10 | 10.8
Armour         | 9 10 11 12 | 12.6

Action                   |  1- 3 |  4- 6 |  7- 9 | 10-12 | 13-15 || total
-------------------------+-------+-------+-------+-------+-------++-------
Melee: Short sword       |     4 |       |       |       |       ||     4
       Bite              |     4 |     9 |    25 |    92 |   121 ||   251
       Dagger            |    31 |   151 |    72 |       |       ||   254
       Quarterstaff      |       |       |   142 |   173 |       ||   315
       Lajatang          |       |       |       |   368 |   839 ||  1207
 Fire: Shortbow          |    52 |    77 |   308 |    89 |   180 ||   706
Throw: Dart              |       |       |    12 |     2 |    30 ||    44
       Throwing net      |       |       |     1 |       |       ||     1
 Cast: Blink             |       |       |       |    15 |    34 ||    49
       Gell's Gravitas   |       |       |       |       |     3 ||     3
       Summon Forest     |       |       |       |       |     2 ||     2
Invok: Lesser Servant of |       |       |       |     4 |    16 ||    20
       Major Destruction |       |       |       |     2 |    31 ||    33
Evoke: Wand              |       |       |     3 |    10 |     4 ||    17
       Phantom mirror    |       |       |       |       |     1 ||     1
  Use: Scroll            |     6 |     7 |     5 |    20 |     3 ||    41
       Potion            |       |       |     4 |     5 |     3 ||    12
 Stab: Sleeping          |       |       |       |     3 |     2 ||     5
       Distracted        |       |       |       |       |     5 ||     5
Armor: Robe              |     2 |       |       |       |       ||     2
       Scale mail        |    26 |    70 |   228 |   161 |   217 ||   702
       Skin              |       |       |    55 |       |       ||    55
       Ring mail         |       |       |       |       |    40 ||    40
Dodge: Dodged            |    30 |    89 |   302 |   274 |   600 ||  1295

Table legend: (Time is in decaauts)
 A = Elapsed time spent in this place.
 B = Non-inter-level travel time spent in this place.
 C = Inter-level travel time spent in this place.
 D = Time resting spent in this place.
 E = Time spent auto-exploring this place.
 F = Levels seen in this place.
 G = Mean time per level.
                   A        B        C        D        E       F      G
               +--------+--------+--------+--------+--------+-----+--------+
         Total |  26040 |  25342 |    698 |   4445 |  15966 |  19 | 1370.5 |
       Dungeon |  11946 |  11646 |    300 |   1803 |   7557 |  10 | 1194.6 |
          Lair |  11959 |  11603 |    356 |   1943 |   7457 |   6 | 1993.2 |
  Orcish Mines |   1326 |   1285 |     41 |    698 |    328 |   2 |  663.0 |
         Sewer |    809 |    809 |      0 |      0 |    622 |   1 |  809.0 |
               +--------+--------+--------+--------+--------+-----+--------+

Top non-repeatable levels by time:
  Lair:6: 2629 daAuts
  Lair:4: 2287 daAuts
  Lair:1: 2284 daAuts
     D:5: 2002 daAuts
  Lair:2: 1933 daAuts
     D:9: 1873 daAuts
  Lair:5: 1814 daAuts
     D:7: 1437 daAuts
    D:10: 1372 daAuts
   Orc:1: 1214 daAuts
  Lair:3: 1010 daAuts
     D:1: 998 daAuts
     D:6: 992 daAuts
     D:3: 967 daAuts
     D:4: 878 daAuts
